 Dungeon Crawl Stone Soup version 0.31.0-12-g77e489cdc1 (webtiles) character file.

Game seed: 12363195887962932986

1737 Tiocfaidh the Protected (level 8, -5/70 HPs)
             Began as a Minotaur Artificer on Feb 18, 2024.
             Was an Initiate of Gozag.
             Slain by a vampire (9 damage)
             ... on level 6 of the Dungeon.
             The game lasted 00:33:53 (6026 turns).

Tiocfaidh the Protected (Minotaur Artificer)        Turns: 6026, Time: 00:33:54

Health: -5/70      AC: 15    Str: 17    XL:     8   Next: 76%
Magic:  16/16      EV:  6    Int:  8    God:    Gozag
Gold:   181        SH:  0    Dex: 13    Spells: 7/7 levels left

rFire   + . .        i - +2 short sword (venom)
rCold   . . .        (no shield)
rNeg    . . .        k - +0 plate armour
rPois   .            (helmet restricted)
rElec   .            (no cloak)
rCorr   .            (no gloves)
SInv    .            s - +0 pair of boots
Will    .....        (no amulet) Stlth
                     l - ring of magical power
HPRegen 0.31/turn    n - ring of protection from fire
MPRegen 0.15/turn

%: no passive effects
@: hasted, very quick
A: horns 2, retaliatory headbutt
a: Renounce Religion, Potion Petition, Call Merchant, Bribe Branch


You were on level 6 of the Dungeon.
You worshipped Gozag.
Gozag was aware of your devotion.
You visited 2 branches of the dungeon, and saw 8 of its levels.
You also visited: Sewer.

You collected 314 gold pieces.
You paid 133 gold pieces to Gozag.

Inventory:

Hand Weapons
 b - a +0 mace
 i - a +2 short sword of venom (weapon)
Missiles
 g - 21 poisoned darts (quivered)
 q - 2 atropa-tipped darts
 r - a throwing net
Armour
 k - a +0 plate armour (worn)
 s - a +0 pair of boots (worn)
Jewellery
 l - a ring of magical power (left hand)
 n - a ring of protection from fire (right hand)
Talismans
 o - a flux talisman
Wands
 c - a wand of flame (27)
 d - a wand of charming (15)
 e - a wand of iceblast (5)
 p - a wand of polymorph (6)
Scrolls
 a - 2 scrolls of identify
 t - a scroll of amnesia
 x - a scroll of revelation
 y - a scroll of blinking
 B - a scroll of poison {unknown}
 C - a scroll of fear {unknown}
Potions
 f - 2 potions of resistance
 j - 2 potions of brilliance
 u - 2 potions of haste
 w - a potion of invisibility
 D - a potion of lignification


   Skills:
 + Level 5.8 Fighting
 + Level 4.1 Short Blades
 - Level 6.0 Maces & Flails
 + Level 2.4 Throwing
 + Level 8.0 Armour
 + Level 2.0 Dodging
 + Level 0.9 Stealth
 + Level 3.7 Evocations


You had 7 spell levels left.
You didn't know any spells.
Your spell library contained the following spells:

 Spells                   Type           Power      Damage    Failure   Level
 Freeze                   Ice            0%         1d3       100%        1
 Necrotise                Necr           0%         1d4       100%        1
 Frozen Ramparts          Ice            0%         1d1       100%        3
 Hailstorm                Conj/Ice       0%         3d5       100%        3
 Vampiric Draining        Necr           0%         2d6       100%        3
 Martyr's Knell           Necr/Summ      0%         N/A       100%        4
 Curse of Agony           Necr           0%         N/A       100%        5


Dungeon Overview and Level Annotations

Branches:
Dungeon (7/15)             Temple (1/1) D:5           Sewer (visited)

Altars:
Ashenzari
Cheibriados
Gozag
Hepliaklqana
Makhleb
Okawaru
Ru
Sif Muna
Uskayaw
Vehumet
Wu Jian
Yredelemnul
Zin
The Shining One

Shops:
D:2 *   D:7 *


Innate Abilities, Weirdness & Mutations

You have a pair of horns on your head.
You reflexively headbutt those who attack you in melee.


Message History

You cannot move. (Use ctrl+direction or * direction to attack while stationary and confused.)
You cannot move. (Use ctrl+direction or * direction to attack while stationary and confused.)
You cannot move. (Use ctrl+direction or * direction to attack while stationary and confused.)
You cannot move. (Use ctrl+direction or * direction to attack while stationary and confused.)
You attack the rock wall.
The vampire mumbles some strange words.
The vampire flickers and vanishes!
Deactivating autopickup; reactivate with Ctrl-A.
You swing at nothing.
You attack the rock wall.
Something hits you but does no damage. Something bites you!
* * * LOW HITPOINT WARNING * * *
Something draws strength from your injuries!
You completely miss something.
You attack the rock wall.
Something hits you but does no damage. Something bites you but does no damage.
You attack the rock wall.
You hit something.
You hear some strange, mumbled words.
You are more confused.
You attack the rock wall.
You attack the rock wall.
Something hits you but does no damage. Something bites you but does no damage.
You attack the rock wall.
You swing at nothing.
Something hits you.
* * * LOW HITPOINT WARNING * * *
Something bites you but does no damage.
It was a potion of magic.
Magic courses through your body. Something hits you.
* * * LOW HITPOINT WARNING * * *
Something bites you but does no damage.
It was a potion of cancellation.
Your magical effects are unravelling.
You feel magically purged.
You feel less wooden.
Your +0 pair of boots unmelds from your body.
Your +0 plate armour unmelds from your body.
You feel yourself slow down.
You feel less confused.
You feel yourself speed up. Something hits you!
You die...
Your body crumbles into a pile of gold.

....# #≈#~,≈#~,*,*.###.,,o...,.,
....####≈##.##≈##.......*,o.#,..,
.......#≈≈≈.≈≈≈.#.#.##..##.##.#,,
##..##..........#....##.......##,
⌠#..####≈≈≈.≈≈≈.........o.......,
......##≈##.##≈......###......#.,
####..##≈#≈.≈#≈..#..####o######**
#...#.##≈#≈_≈#≈#$#...###)# *..,,
+...'.##≈#≈≈≈#≈#@#.....#.# *.#**
#...#.##≈#####≈#{#...#.#.# *.#*,
###.#(##≈≈≈≈≈≈≈#S#####.#.####.#*,
.#....#**##....ooo.....#......##.
⌠#..### ##.....o.....######.....
##.## ##...........######†####
...# ##..................####
.### ##..........>.......oo5.
##**#######....######........###V


You could see a water moccasin and 4 orcs.

Vanquished Creatures
  A wyvern (D:5)
  Eustachio (D:4)
  A black bear (D:5)
  A centaur (D:4)
  Blork the orc (D:4)
  2 bullfrogs
  A gnoll sergeant (D:5)
  3 hounds
  A bombardier beetle (D:3)
  4 orc priests
  5 jellies
  2 sleepcaps
  4 orc wizards
  4 iguanas
  7 gnolls
  9 adders
  6 river rats (Sewer)
  A white imp (D:5)
  4 ufetubi
  A ribbon worm (D:2)
  3 dart slugs
  13 orcs
  12 ball pythons
  5 endoplasms
  3 giant cockroaches
  8 goblins
  13 hobgoblins
  5 jackals
  2 quokkas
  8 bats
  4 frilled lizards
  23 kobolds
  31 rats
189 creatures vanquished.

Notes
Turn   | Place    | Note
-------+----------+-------------------------------------------
     0 | D:1      | Tiocfaidh the Minotaur Artificer began the quest for the
                  | Orb.
     0 | D:1      | Reached XP level 1. HP: 16/16 MP: 0/0
    80 | D:1      | Found a faded altar of an unknown god.
   103 | D:1      | Reached XP level 2. HP: 19/23 MP: 1/1
   352 | D:1      | Reached skill level 3 in Armour
   485 | D:1      | Reached XP level 3. HP: 12/28 MP: 2/2
   872 | D:2      | Found Ixiac's General Store.
  1077 | D:2      | Reached skill level 1 in Maces & Flails
  1146 | D:2      | Reached XP level 4. HP: 32/35 MP: 3/3
  1557 | D:3      | Reached XP level 5. HP: 21/41 MP: 4/4
  1692 | D:3      | Reached skill level 4 in Armour
  2242 | D:4      | Noticed Eustachio
  2300 | D:4      | Found a glowing drain.
  2318 | Sewer    | Entered a sewer
  2682 | Sewer    | Reached XP level 6. HP: 38/51 MP: 5/5
  3015 | D:4      | Killed Eustachio
  3033 | D:4      | Reached skill level 5 in Maces & Flails
  3066 | D:4      | You fall into a shaft and drop 3 floors!
  3077 | D:7      | Reached skill level 1 in Throwing
  3077 | D:7      | Reached XP level 7. HP: 57/57 MP: 6/6
  3145 | D:7      | Found Violer's Lightly-Used Armoury.
  3201 | D:6      | Reached skill level 5 in Armour
  3245 | D:6      | Found a burning altar of Makhleb.
  3247 | D:6      | Noticed a vampire
  3263 | D:5      | Entered Level 5 of the Dungeon
  3271 | D:5      | Noticed a wyvern
  3716 | D:4      | Noticed Blork the orc
  3736 | D:4      | Killed Blork the orc
  3997 | D:4      | Reached skill level 6 in Armour
  4210 | D:4      | Reached skill level 1 in Short Blades
  4212 | D:4      | Reached XP level 8. HP: 52/67 MP: 7/7
  4624 | D:4      | Reached skill level 5 in Fighting
  5048 | D:5      | Reached skill level 7 in Armour
  5405 | D:5      | Reached skill level 8 in Armour
  5455 | D:5      | Found a staircase to the Ecumenical Temple.
  5466 | Temple   | Entered the Ecumenical Temple
  5757 | Temple   | Became a worshipper of Gozag Ym Sagoz the Greedy
  5889 | D:6      | Found a broken altar of Ashenzari.
  6011 | D:6      | Found a hide-covered altar of Uskayaw.
  6024 | D:6      | HP: 5/105 [something (3)]
  6026 | D:6      | Slain by a vampire

Illustrated notes

Levels and vault maps discovered:
D:1:      orjb1_clovarrival, layout_basic, ebering_ecumenical_altar_webs
D:2:      kennysheep_big_flooded_room, layout_basic, serial_shops, shop,
          minmay_splitting_lines, minmay_between
D:3:      layout_basic, minivault_26
D:4:      layout_rooms, mainiacjoe_sewer_entry_somewhere_in_here_1,
          uniq_blork_the_orc, uniq_eustachio
D:5:      layout_rooms, minmay_temple_entry_enclosed_plants,
          minmay_misc_feat_cross
D:6:      layout_basic, nicolae_overflow_two_pavilions, evilmike_ruin_ashenzari,
          serial_shops, shop, nicolae_kite_square_tiling_tiny,
          hangedman_feature_mirror, hangedman_decor_clover_reticule, uniq_pikel
D:7:      layout_rooms, minitemple, minmay_shop_damaged
Temple:   nicolae_temple_bog_church

Skill      XL: |  1  2  3  4  5  6  7  8 |
---------------+-------------------------+-----
Evocations     | 3 |  3.7
Armour         | 3 4 6 8 |  8.0
Maces & Flails | 1 2 3 5 6 |  6.0
Fighting       | 2 3 4 5 |  5.8
Throwing       | 1 2 |  2.4
Dodging        | 2 |  2.0
Short Blades   | 1 4 |  4.1
Stealth        | |  0.9

Action                     |  1- 3 |  4- 6 |  7- 9 || total
---------------------------+-------+-------+-------++-------
  Melee: Club              |    93 |       |       ||    93
         Headbutt          |    15 |    32 |    61 ||   108
         Mace              |    10 |   215 |    45 ||   270
         Punch             |     1 |     1 |     3 ||     5
         Short sword       |       |       |   207 ||   207
  Throw: Dart              |       |    21 |     9 ||    30
  Evoke: Wand              |       |       |     6 ||     6
    Use: Scroll            |       |     4 |     6 ||    10
         Potion            |       |       |    13 ||    13
 Armour: Leather armour    |    47 |       |       ||    47
         Plate armour      |    37 |   223 |   413 ||   673
         Skin              |       |       |    22 ||    22
  Dodge: Dodged            |    64 |    55 |   128 ||   247
